 Dungeon Crawl Stone Soup version 0.22-a0-40-g3d2f077 (webtiles) character file.

6425 4thArraOfDagon the Cleaver (level 10, 0/66 HPs)
             Began as a Demonspawn Fire Elementalist on Jan 4, 2018.
             Was a Priest of Makhleb.
             Slain by a two-headed ogre
             ... wielding a +0 giant spiked club
              (15 damage)
             ... on level 8 of the Dungeon.
             The game lasted 00:30:15 (5646 turns).

4thArraOfDagon the Cleaver (DsFE)                   Turns: 5646, Time: 00:30:16

Health: 0/66       AC: 10    Str:  8    XL:     10   Next: 67%
Magic:  8/14       EV: 12    Int: 19    God:    Makhleb [***...]
Gold:   409        SH:  0    Dex: 11    Spells: 7/15 levels left

rFire    . . .     SeeInvis .   E - +0 broad axe of Cobwebs {chop, *Rage rC++}
rCold    + + .     Gourm    .   (no shield)
rNeg     + . .     Faith    .   F - +0 steam dragon scales
rPois    .         Spirit   .   (helmet restricted)
rElec    .         Reflect  .   (no cloak)
rCorr    .         Harm     +   n - +1 pair of gloves
MR       .....     Rnd*Rage +   w - +0 pair of boots
Stlth    +++.......             l - amulet of harm
HPRegen  0.21/turn              y - ring of positive energy
MPRegen  0.14/turn              G - -4 ring of dexterity (curse)

@: very slightly contaminated
A: horns 2, rugged brown scales 2, nightstalker 1, powered by death 2
a: Minor Destruction, Lesser Servant of Makhleb, Renounce Religion


You were on level 8 of the Dungeon.
You worshipped Makhleb.
Makhleb was most pleased with you.
You were hungry.

You visited 3 branches of the dungeon, and saw 13 of its levels.

You collected 670 gold pieces.
You spent 261 gold pieces at shops.

Inventory:

Hand Weapons
 p - a +0 war axe
 x - a +1 flail of protection
 E - the +0 broad axe of Cobwebs (weapon) {chop, *Rage rC++}
   (You bought it in a shop on level 7 of the Dungeon)

   It inflicts extra damage upon your enemies.
   It greatly protects you from cold.
   It may make you go berserk in combat.
 L - the +8 longbow "Zephyr" {speed, Dex+3 SInv}
   (You took it off an orc on level 10 of the Dungeon)

   Attacks with this weapon are significantly faster.
   It affects your dexterity (+3).
   It lets you see invisible.
Armour
 a - a +0 robe
 f - a +3 chain mail
 j - the +1 robe of Depression {-Tele rPois rCorr}
   (You found it on level 5 of the Dungeon)

   It protects you from poison.
   It prevents most forms of teleportation.
   It protects you from acid and corrosion.
 n - a +1 pair of gloves (worn)
 w - a +0 pair of boots (worn)
 B - the +0 leather armour "Wugh" {-Tele rPois rCorr Dex+6}
   (You found it on level 9 of the Dungeon)

   It affects your dexterity (+6).
   It protects you from poison.
   It prevents most forms of teleportation.
   It protects you from acid and corrosion.
 F - +0 steam dragon scales (worn)
 J - a +1 robe of magic resistance
 M - a cursed -2 robe
Magical Staves
 D - an uncursed staff of earth
Jewellery
 l - an amulet of harm (around neck)
 y - a ring of positive energy (left hand)
 G - a cursed -4 ring of dexterity (right hand)
Wands
 q - a wand of random effects (28)
 z - a wand of enslavement (7)
 N - a wand of digging (9)
Scrolls
 r - 4 scrolls of teleportation
 t - a scroll of remove curse
 v - a scroll of fog
Potions
 d - a potion of berserk rage
 e - a potion of brilliance
 g - 2 potions of might
 h - a potion of agility {unknown}
 i - 3 potions of curing
 k - a potion of degeneration
 m - a potion of ambrosia
 o - a potion of mutation {unknown}
 s - a potion of cancellation
 u - 2 potions of flight
 I - a potion of haste
 Q - a potion of lignification
Books
 b - a book of Flames

   Spells                             Type                      Level
   a - Flame Tongue                   Conjuration/Fire             1
   b - Throw Flame                    Conjuration/Fire             2
   c - Conjure Flame                  Conjuration/Fire             3
   d - Inner Flame                    Hexes/Fire                   3
   e - Sticky Flame                   Conjuration/Fire             4
   f - Fireball                       Conjuration/Fire             5
Miscellaneous
 C - a lamp of fire (inert)
Comestibles
 c - 13 rations


   Skills:
 * Level 13.1 Axes
 - Level 1.7 Dodging
 - Level 1.7 Stealth
 - Level 3.1 Spellcasting
 - Level 4.3 Conjurations
 - Level 4.8 Fire Magic


You had 7 spell levels left.
You knew the following spells:

 Your Spells              Type           Power        Failure   Level  Hunger
a - Flame Tongue          Conj/Fire      ###..        2%          1    None
b - Conjure Flame         Conj/Fire      ###.....     7%          3    ###....
c - Sticky Flame          Conj/Fire      ###.....     22%         4    ####...


Dungeon Overview and Level Annotations

Branches:
Dungeon (11/15)            Temple (1/1) D:4             Orc (1/2) D:10
   Lair: D:8-11

Altars:
Ashenzari
Cheibriados
Elyvilon
Fedhas
Hepliaklqana
Kikubaaqudgha
Makhleb
Nemelex Xobeh
Okawaru
Ru
Sif Muna
Uskayaw
Vehumet
Wu Jian
Yredelemnul
Zin

Shops:
D:4 }   D:7 (   Orc:1 %

Annotations:
D:5 1 runed door


Innate Abilities, Weirdness & Mutations

You have a pair of horns on your head.
You are mostly covered in rugged brown scales. (AC +2, +5% HP)
You are slightly more attuned to the shadows.
You regenerate health from kills.


Message History

Unknown command.
Your neqoxec hits the two-headed ogre.
The two-headed ogre is engulfed in blazing flames.
The two-headed ogre hits you with a giant spiked club!
The two-headed ogre closely misses you.
Your neqoxec gestures.
Unknown command.
Casting: Conjure Flame
Confirm with . or Enter, or press ? or * to list all spells.
Aiming: Sticky Flame
Press: ? - help, Shift-Dir - straight line, f - two-headed ogre
Aim: a two-headed ogre, wielding a giant spiked club and a giant club (flame, moderately wounded)
You miscast Sticky Flame.
You are very lightly contaminated with residual magic.
Your hair stands on end.
The two-headed ogre is engulfed in blazing flames.
The two-headed ogre hits you with a giant spiked club!!
* * * LOW HITPOINT WARNING * * *
The two-headed ogre hits you with a giant club!
You die...

###############
#>......5.....#
#.....@35.....#
#..####O####..#
#..#...5...#..#
#..#.......#..#
#####
#..#.......#..#
#....
#..#.......#..#
#....
#..#....)..#..#
#....
#..#.......#..#
#....
#.......#..#
#....


You could see a two-headed ogre, a friendly neqoxec, a friendly iron imp, a
friendly quasit and a friendly shadow imp.

Vanquished Creatures
  2 two-headed ogres (D:10)
  An unseen horror (D:10)
  A centaur skeleton (D:10)
  Grinder (D:3)
  A vampire (D:10)
  A steam dragon (D:8)
  A wyvern (D:10)
  7 orc warriors
  3 phantoms
  2 sky beasts
  2 black bears
  6 ogres
  4 centaurs
  5 bullfrogs
  A big kobold (D:7)
  A wyvern skeleton (D:8)
  2 wights (D:9)
  A killer bee (D:10)
  3 howler monkeys (D:7)
  3 crimson imps
  A bullfrog zombie (D:8)
  2 hounds
  8 orc wizards
  4 orc priests
  A jelly (D:10)
  Terence (D:3)
  2 iguanas
  6 worker ants
  2 hound skeletons
  7 adders
  4 gnolls (D:3)
  A howler monkey skeleton (D:10)
  4 shadow imps
  2 oozes
  An adder zombie (D:5)
  2 worms
  4 leopard geckos
  59 orcs
  4 giant cockroaches
  A goblin (D:3)
  3 hobgoblins
  5 jackals
  10 kobolds
  3 quokkas
  A ball python (D:4)
  A bat (D:2)
  2 frilled lizards
  A quokka skeleton (D:9)
  A quokka zombie (D:5)
  2 rats
193 creatures vanquished.

Vanquished Creatures (collateral kills)
  An orc (Orc:1)
1 creature vanquished.

Vanquished Creatures (others)
  An orc priest (D:4)
  An orc (D:4)
2 creatures vanquished.

Grand Total: 196 creatures vanquished

Notes
Turn   | Place    | Note
-------+----------+-------------------------------------------
     0 | D:1      | 4thArraOfDagon the Demonspawn Fire Elementalist began the quest for the Orb.
     0 | D:1      | Reached XP level 1. HP: 13/13 MP: 3/3
   199 | D:2      | You fall through a shaft!
   223 | D:3      | Noticed Terence
   265 | D:4      | Killed an orc priest
   313 | D:5      | Entered Level 5 of the Dungeon
   347 | D:5      | Got a transparent robe
   358 | D:5      | Identified the +1 robe of Depression {-Tele rPois rCorr} (You found it on level 5 of the Dungeon)
   506 | D:5      | Gained mutation: You regenerate a little health from kills. [demonic ancestry]
   506 | D:5      | Reached XP level 2. HP: 19/19 MP: 1/5
   721 | D:5      | Gained mutation: You regenerate health from kills. [demonic ancestry]
   721 | D:5      | Reached XP level 3. HP: 24/24 MP: 4/6
   727 | D:5      | Learned a level 3 spell: Conjure Flame
   899 | D:5      | Gained mutation: You are partially covered in rugged brown scales. (AC +1, +3% HP) [demonic ancestry]
   899 | D:5      | Reached XP level 4. HP: 19/30 MP: 2/7
   925 | D:5      | Found a runed door.
   936 | D:5      | Learned a level 4 spell: Sticky Flame
  1141 | D:7      | Noticed a bullfrog
  1155 | D:6      | Killed a bullfrog
  1155 | D:6      | Gained mutation: You have a pair of small horns on your head. [demonic ancestry]
  1155 | D:6      | Reached XP level 5. HP: 29/36 MP: 2/9
  1173 | D:6      | Noticed a sky beast
  1241 | D:6      | Gained mutation: You are mostly covered in rugged brown scales. (AC +2, +5% HP) [demonic ancestry]
  1241 | D:6      | Reached XP level 6. HP: 26/43 MP: 2/10
  1464 | D:7      | Found Soxkyn's Antique Weapon Boutique.
  1480 | D:7      | Reached skill level 1 in Axes
  1551 | D:7      | Reached skill level 2 in Axes
  1625 | D:7      | Reached XP level 7. HP: 48/48 MP: 5/11
  1684 | D:7      | Reached skill level 3 in Axes
  2040 | D:4      | Reached skill level 4 in Axes
  2099 | D:4      | Found a staircase to the Ecumenical Temple.
  2103 | Temple   | Entered the Ecumenical Temple
  2180 | Temple   | Became a worshipper of Makhleb the Destroyer
  2392 | D:2      | Found a faded altar of an unknown god.
  2787 | D:3      | Noticed Grinder
  2793 | D:3      | Paralysed by Grinder for 4 turns
  2795 | D:3      | Killed Grinder
  2795 | D:3      | Reached skill level 5 in Axes
  2795 | D:3      | Reached XP level 8. HP: 20/54 MP: 7/12
  2816 | D:3      | Killed Terence
  2816 | D:3      | Reached * piety under Makhleb
  2877 | D:3      | Reached skill level 6 in Axes
  2990 | D:4      | Found Sushaol's Gadget Shop.
  3063 | D:4      | Reached skill level 7 in Axes
  3393 | D:7      | Reached skill level 8 in Axes
  3601 | D:8      | Gained mutation: You have a pair of horns on your head. [demonic ancestry]
  3601 | D:8      | Reached XP level 9. HP: 47/59 MP: 0/13
  3691 | D:9      | Got a dazzling leather armour
  3745 | D:8      | Reached skill level 9 in Axes
  3763 | D:8      | Identified the cursed +0 leather armour "Wugh" {-Tele rPois rCorr Dex+6} (You found it on level 9 of the Dungeon)
  3798 | D:8      | Noticed a two-headed ogre
  3852 | D:7      | Bought a fine broad axe for 261 gold pieces
  3852 | D:7      | Identified the +0 broad axe of Cobwebs {chop, *Rage rC++} (You bought it in a shop on level 7 of the Dungeon)
  3968 | D:8      | Found an ancient bone altar of Kikubaaqudgha.
  4054 | D:8      | Noticed a two-headed ogre
  4111 | D:8      | You fall through a shaft for 2 floors!
  4111 | D:10     | Entered Level 10 of the Dungeon
  4117 | D:10     | Reached ** piety under Makhleb
  4161 | D:10     | Reached skill level 10 in Axes
  4680 | D:9      | Reached skill level 11 in Axes
  4804 | D:10     | Noticed an unseen horror
  4808 | D:10     | Killed an unseen horror
  4808 | D:10     | Gained mutation: You are slightly more attuned to the shadows. [demonic ancestry]
  4808 | D:10     | Reached XP level 10. HP: 50/66 MP: 5/14
  4848 | D:10     | Noticed a two-headed ogre
  4852 | D:10     | Killed a two-headed ogre
  4852 | D:10     | Reached skill level 12 in Axes
  4895 | D:10     | Reached *** piety under Makhleb
  4929 | D:10     | Found a staircase to the Orcish Mines.
  4969 | D:10     | Noticed a two-headed ogre
  5326 | D:10     | Killed a two-headed ogre
  5362 | Orc:1    | Entered Level 1 of the Orcish Mines
  5369 | Orc:1    | Found Jileraq's Food Boutique.
  5444 | Orc:1    | Reached skill level 13 in Axes
  5646 | D:8      | Slain by a two-headed ogre

Vault maps used:
D:1:      dpeg_arrival_fog, minmay_cupped
D:2:      chequers_ecumenical_altar_island
D:3:      first_ration, uniq_terence, uniq_grinder
D:4:      minmay_temple_entry_glassed_door, serial_shops, shop,
          lemuel_old_faithful
D:5:      serial_bayou_lagoon_b, uniq_crazy_yiuf_cottage
D:7:      overflow_temple_1_default, serial_shops, nicolae_shop_trees,
          grunt_livestock
D:8:      cheibrodos_elevator_heist, erik_lair_dragon, lemuel_statue_altar
D:9:      minmay_misc_feat_pillars
D:10:     hiddenorc1_lemuel
D:11:     serial_shops, bzr_entry_water, kennysheep_diamond, minivault_7
Temple:   roderic_octagonal_lattice_temple
Orc:1:    serial_shops, nicolae_shop_crystal

Skill      XL: |  1  2  3  4  5  6  7  8  9 10 |
---------------+-------------------------------+-----
Fire Magic     | 3 4 |  4.8
Conjurations   | 2 3 4 |  4.3
Spellcasting   | 3 |  3.1
Axes           | 2 5 8 11 13 | 13.1
Dodging        | |  1.7
Stealth        | |  1.7

Action                   |  1- 3 |  4- 6 |  7- 9 | 10-12 || total
-------------------------+-------+-------+-------+-------++-------
Melee: Unarmed           |    20 |    23 |       |       ||    43
       Headbutt          |       |     5 |    29 |     5 ||    39
       War axe           |       |    27 |   169 |       ||   196
       Flail             |       |       |    31 |       ||    31
       Broad axe         |       |       |    58 |    59 ||   117
Throw: Throwing net      |     1 |       |     3 |       ||     4
 Cast: Flame Tongue      |    36 |    53 |    47 |     2 ||   138
       Sticky Flame      |       |     4 |    34 |     8 ||    46
       Conjure Flame     |       |       |     2 |     4 ||     6
Invok: Lesser Servant of |       |       |       |     4 ||     4
Evoke: Wand              |       |       |     3 |       ||     3
       Lamp of fire      |       |       |     1 |       ||     1
  Use: Scroll            |       |     8 |     4 |     8 ||    20
       Potion            |       |       |     1 |     5 ||     6
 Stab: Sleeping          |       |       |     3 |     2 ||     5
  Eat: Chunk             |     1 |     3 |    16 |     1 ||    21
       Ration            |       |       |     1 |     1 ||     2
Armor: Robe              |     3 |    22 |    73 |       ||    98
       Steam dragon scal |       |       |    15 |    19 ||    34
       Chain mail        |       |       |    12 |       ||    12
       Skin              |       |       |     4 |    17 ||    21
Dodge: Dodged            |    24 |    61 |   172 |    42 ||   299

Table legend:
 A = Spawn XP
 B = Non-spawn XP
 C = Spawn XP percentage of total XP
 D = Spawn monster count
 E = Non-spawn monster count
 F = Spawn count percentage of total count
 G = Total turns spent on level
                    A         B        C        D         E        F      G
               +---------+---------+-------+---------+---------+-------+---------
         Total |       0 |    9179 |   0.0 |       0 |     194 |   0.0 |  5646
               +---------+---------+-------+---------+---------+-------+---------
           D:2 |       0 |      10 |   0.0 |       0 |       6 |   0.0 |   390
           D:3 |       0 |     480 |   0.0 |       0 |      27 |   0.0 |   428
           D:4 |       0 |     570 |   0.0 |       0 |      15 |   0.0 |   601
           D:5 |       0 |     251 |   0.0 |       0 |      21 |   0.0 |   901
           D:6 |       0 |     613 |   0.0 |       0 |      12 |   0.0 |   547
           D:7 |       0 |     614 |   0.0 |       0 |      22 |   0.0 |   490
           D:8 |       0 |    1035 |   0.0 |       0 |      18 |   0.0 |   766
           D:9 |       0 |    1087 |   0.0 |       0 |      16 |   0.0 |   428
          D:10 |       0 |    4073 |   0.0 |       0 |      47 |   0.0 |   737
         Orc:1 |       0 |     446 |   0.0 |       0 |      10 |   0.0 |   224
               +---------+---------+-------+---------+---------+-------+---------
